 Dungeon Crawl Stone Soup version 0.30-a0-385-gfebfb9b408 (webtiles) character file.

Game seed: 318398516850808540

323 leviel the Trooper (level 6, -6/56 HPs)
             Began as a Hill Orc Fighter on Dec 2, 2022.
             Was a Follower of Okawaru.
             Mangled by an ogre
             ... wielding a +0 giant club
              (17 damage)
             ... on level 4 of the Dungeon.
             The game lasted 00:03:26 (3080 turns).

leviel the Trooper (Hill Orc Fighter)               Turns: 3080, Time: 00:03:26

Health: -6/56      AC: 10    Str: 21    XL:     6   Next: 47%
Magic:  6/6        EV:  9    Int: 15    God:    Okawaru [*.....]
Gold:   248        SH:  4    Dex: 10    Spells: 5/5 levels left

rFire   . . .      SeeInvis .    a - +0 war axe
rCold   . . .      Faith    .    c - +0 buckler
rNeg    . . .      Spirit   .    b - +0 scale mail
rPois   .          Reflect  .    g - +1 helmet of the Turtle {Regen+ Int+7}
rElec   .          Harm     .    (no cloak)
rCorr   .          Rampage  .    (no gloves)
Will    .....                    o - +0 pair of boots
Stlth   ..........               (no amulet)
HPRegen 1.09/turn                (no ring)
MPRegen 0.10/turn                (no ring)

@: silenced
A: no striking features
a: Renounce Religion


You were on level 4 of the Dungeon.
You worshipped Okawaru.
Okawaru was aware of your devotion.
You visited 1 branch of the dungeon, and saw 4 of its levels.

You collected 248 gold pieces.

Inventory:

Hand Weapons
 a - a +0 war axe (weapon)
Armour
 b - a +0 scale mail (worn)
 c - a +0 buckler (worn)
 g - the +1 helmet of the Turtle (worn) {Regen+ Int+7}
   (You acquired it on level 3 of the Dungeon)

   Int:       It affects your intelligence (+7).
   Regen:     It increases your rate of health regeneration.
 o - a +0 pair of boots (worn)
Wands
 s - a wand of mindburst (14)
Scrolls
 h - 2 scrolls of identify {@r1}
 j - a scroll of enchant weapon {unknown}
 k - a scroll of silence
 l - a scroll of immolation {unknown}
 n - a scroll of fear {unknown}
 q - a scroll of vulnerability {unknown}
 r - a scroll of poison {unknown}
 u - 2 scrolls of teleportation
Potions
 d - a potion of might
 e - a potion of heal wounds {unknown}
 f - a potion of haste
 m - 2 potions of curing {unknown}
 p - a potion of experience {unknown}
 t - a potion of attraction {unknown}


   Skills:
 + Level 5.1 Fighting
 * Level 4.9 Axes
 + Level 4.7 Armour
 + Level 4.7 Shields
 + Level 0.8 Invocations
 + Level 0.5 Evocations


You had 5 spell levels left.
You didn't know any spells.
Your spell library contained the following spells:

 Spells                   Type           Power      Damage    Failure   Level
 Magic Dart               Conj           0%         1d3       67%         1
 Sandblast                Erth           0%         2d4       67%         1
 Passwall                 Tmut/Erth      0%         N/A       80%         2
 Searing Ray              Conj           0%         2d4       80%         2
 Stone Arrow              Conj/Erth      0%         3d7       95%         3
 Fulminant Prism          Conj/Hex       0%         3d5       100%        4


Dungeon Overview and Level Annotations

Branches:
Dungeon (4/15)
 Temple: D:4-7

Altars:
Fedhas
Kikubaaqudgha
Okawaru


Message History

HP restored.
You now have 248 gold pieces (gained 9).
You see here a scorpion corpse.
Found a ring mail.
Found 5 stones.
You see here a +0 ring mail.
Found a stone staircase leading up.
As you read the scroll labelled XEDUNI NANA, it crumbles to dust.
You hear a loud clanging noise!
It was a scroll of noise.
You hear a shout!
As you read the scroll labelled BYNTEE DAURON, it crumbles to dust.
A profound silence engulfs you.
It was a scroll of silence.
You start waiting.
An ogre comes into view. It is wielding a +0 giant club.
The ogre hits you with a +0 giant club!
You are too injured to fight recklessly!
You are too injured to fight recklessly!
You are too injured to fight recklessly!
You are too injured to fight recklessly!
You are too injured to fight recklessly!
You are too injured to fight recklessly!
You are too injured to fight recklessly!
You are too injured to fight recklessly!
You are too injured to fight recklessly!
You are too injured to fight recklessly!
You are too injured to fight recklessly!
You are too injured to fight recklessly!
You are too injured to fight recklessly!
You hit the ogre.
The ogre is moderately wounded.
The ogre hits you with a +0 giant club!!
You hit the ogre.
The ogre is heavily wounded.
The ogre hits you with a +0 giant club!
* * * LOW HITPOINT WARNING * * *
You slash the ogre!
The ogre is almost dead.
The ogre hits you with a +0 giant club!
You die...

##..............
#.........†.....
.##.........†.....
......#.##..##....
#.........##....
###.......##....
####...##........
##.##.............
#@..[.........####
#...O.#...........#
#......##....##.....#
#.....#........#.....#
.....###......## .###
.<... .###(### ## #.#.
.. #.. #### ## ....


You could see an ogre.

Vanquished Creatures
  A phantom (D:4)
  2 scorpions (D:4)
  A hound (D:4)
  3 adders
  An ufetubus (D:4)
  A worm (D:3)
  3 dart slugs
  6 endoplasms
  3 giant cockroaches
  7 goblins
  8 hobgoblins
  A quokka (D:2)
  4 ball pythons
  6 bats
  A frilled lizard (D:1)
  8 kobolds
  4 rats
60 creatures vanquished.

Vanquished Creatures (others)
  A plant (D:1)
1 creature vanquished.

Grand Total: 61 creatures vanquished

Notes
Turn   | Place    | Note
-------+----------+-------------------------------------------
     0 | D:1      | leviel the Hill Orc Fighter began the quest for the Orb.
     0 | D:1      | Reached XP level 1. HP: 19/19 MP: 1/1
   268 | D:1      | Reached XP level 2. HP: 27/27 MP: 2/2
   934 | D:2      | Reached skill level 4 in Fighting
  1053 | D:2      | Reached XP level 3. HP: 33/33 MP: 3/3
  1362 | D:2      | Found an iron altar of Okawaru.
  1376 | D:2      | Became a worshipper of Warmaster Okawaru
  1667 | D:2      | Found a faded altar of an unknown god.
  1889 | D:3      | Identified a scroll of acquirement
  1889 | D:3      | Acquired the +1 helmet of the Turtle {Regen+ Int+7}
  1950 | D:3      | Reached XP level 4. HP: 40/40 MP: 4/4
  2477 | D:3      | Found a blossoming altar of Fedhas.
  2477 | D:3      | Found an ancient bone altar of Kikubaaqudgha.
  2887 | D:4      | Noticed a phantom
  2905 | D:4      | Killed a phantom
  2906 | D:4      | Reached XP level 5. HP: 47/47 MP: 5/5
  2999 | D:4      | Reached * piety under Okawaru
  3000 | D:4      | Reached skill level 5 in Fighting
  3000 | D:4      | Reached XP level 6. HP: 56/56 MP: 6/6
  3080 | D:4      | Mangled by an ogre

Illustrated notes

Levels and vault maps discovered:
D:1:      tarquinn_simple_flora_water_a, layout_basic, serial_bayou_crossing
D:2:      layout_loops_corners, basic_altar,
          shapermc_ecumenical_altar_hornbeckon, minmay_bisected
D:3:      layout_basic, grunt_temple_overflow_growth_and_decay,
          dk_noncrumbling_3, minmay_goblin_kobold_house
D:4:      layout_cave_pools

Skill      XL: |  1  2  3  4  5 |
---------------+----------------+-----
Axes           | 3 4 |  4.9
Fighting       | 4 5 |  5.1
Shields        | 4 |  4.7
Armour         | 4 |  4.7
Invocations    | |  0.8
Evocations     | |  0.5

Action                   |  1- 3 |  4- 6 || total
-------------------------+-------+-------++-------
Melee: War axe           |    97 |    78 ||   175
Evoke: Wand              |       |     2 ||     2
  Use: Scroll            |     4 |     2 ||     6
Armor: Scale mail        |    50 |    42 ||    92
Dodge: Dodged            |    53 |    44 ||    97
Block: Buckler           |    21 |    19 ||    40

Table legend: (Time is in decaauts)
 A = Elapsed time spent in this place.
 B = Non-inter-level travel time spent in this place.
 C = Inter-level travel time spent in this place.
 D = Time resting spent in this place.
 E = Time spent auto-exploring this place.
 F = Levels seen in this place.
 G = Mean time per level.
                   A        B        C        D        E       F      G
               +--------+--------+--------+--------+--------+-----+--------+
         Total |   3158 |   3032 |    126 |     21 |   2532 |   4 |  789.5 |
       Dungeon |   3158 |   3032 |    126 |     21 |   2532 |   4 |  789.5 |
               +--------+--------+--------+--------+--------+-----+--------+

Top non-repeatable levels by time:
     D:3: 1107 daAuts
     D:2: 974 daAuts
     D:1: 778 daAuts
     D:4: 297 daAuts
